 Dungeon Crawl Stone Soup version 0.21-a0-442-g848f44b (webtiles) character file.

60 AverageBear the Cutter (level 3, -6/22 HPs)
             Began as a Deep Elf Fighter on Nov 12, 2017.
             Mangled by Sigmund
             ... wielding a +0 scythe
              (7 damage)
             ... on level 2 of the Dungeon.
             The game lasted 00:01:29 (1880 turns).

AverageBear the Cutter (Deep Elf Fighter)           Turns: 1880, Time: 00:01:30

Health: -6/22      AC:  7    Str: 19    XL:     3   Next: 82%
Magic:  0/5        EV:  7    Int: 12    God:
Gold:   79         SH:  9    Dex: 14    Spells: 2/2 levels left

rFire    . . .     SeeInvis .   a - +0 rapier
rCold    . . .     Gourm    .   c - +0 shield
rNeg     . . .     Faith    .   b - +0 scale mail
rPois    .         Spirit   +   (no helmet)
rElec    .         Reflect  .   (no cloak)
rCorr    .         Harm     .   l - +0 pair of gloves
MR       .....                  (no boots)
Stlth    ..........             m - amulet of guardian spirit
HPRegen  0.07/turn              (no ring)
MPRegen  0.09/turn              (no ring)

@: mighty
A: no striking features
a: no special abilities


You were on level 2 of the Dungeon.
You were not hungry.

You visited 1 branch of the dungeon, and saw 2 of its levels.

You collected 79 gold pieces.

Inventory:

Hand Weapons
 a - a +0 rapier (weapon)
Armour
 b - a +0 scale mail (worn)
 c - a +0 shield (worn)
 l - a +0 pair of gloves (worn)
Jewellery
 m - an amulet of guardian spirit (around neck)
Scrolls
 e - a scroll of magic mapping {unknown}
 g - a scroll of enchant armour {unknown}
 j - a scroll of teleportation {unknown}
 k - a scroll of remove curse {unknown}
Potions
 d - a potion of might
Comestibles
 f - a bread ration
 n - a meat ration


   Skills:
 - Level 2.4 Fighting
 + Level 4.2 Short Blades
 - Level 2.4 Armour
 - Level 2.4 Shields


You had 2 spell levels left.
You didn't know any spells.

Dungeon Overview and Level Annotations

Branches:
Dungeon (2/15)

Altars:
Vehumet

Annotations:
D:2 Sigmund


Message History

You block the giant cockroach's attack. Something hits you but does no damage.
The giant cockroach closely misses you.
You puncture the giant cockroach!
You kill the giant cockroach!
You block the leopard gecko's attack. Something hits you.
* * * LOW HITPOINT WARNING * * *
You barely miss the leopard gecko. You block the leopard gecko's attack.
You puncture the leopard gecko!
You kill the leopard gecko!
You hear some strange, mumbled words.
Something tries to affect you, but you resist.
You hit the ooze.
The ooze is heavily wounded.
You block something's attack. The ooze barely misses you.
You puncture the ooze!
You kill the ooze!
Something hits you.
* * * LOW HITPOINT WARNING * * *
Something hits you!
You die...

#.####.####...##.#
#?...............#
+......'.......>#
#....@.#.....##.#
#...ls.#.....##.##
..........#.....##..
........>.#.....##.####
...#.###+####'{###.(.(###
..... #.(@((......# .⌠.#
#..###.##.#.# ... ##.#
#.##.#.# .. #.# #.#<.#.#
#.# #....#.# #.# #.##.#.#
..###.##.#.# ..
#.#......#.#
#.#.##.#.#.####.#


There were no monsters in sight!

Vanquished Creatures
  An adder (D:2)
  An ooze (D:2)
  3 worms (D:2)
  2 leopard geckos
  2 giant cockroaches
  2 goblins
  2 hobgoblins
  4 jackals (D:1)
  3 ball pythons
  2 bats
  5 frilled lizards (D:1)
  7 kobolds
  5 rats (D:1)
  3 toadstools (D:1)
42 creatures vanquished.

Vanquished Creatures (others)
  A toadstool (D:1)
1 creature vanquished.

Grand Total: 43 creatures vanquished

Notes
Turn   | Place    | Note
-------+----------+-------------------------------------------
     0 | D:1      | AverageBear the Deep Elf Fighter began the quest for the Orb.
     0 | D:1      | Reached XP level 1. HP: 13/13 MP: 3/3
   248 | D:1      | Reached XP level 2. HP: 13/18 MP: 4/4
   318 | D:1      | Reached skill level 3 in Short Blades
  1309 | D:2      | Reached XP level 3. HP: 12/22 MP: 5/5
  1851 | D:2      | Noticed Sigmund
  1852 | D:2      | Found a radiant altar of Vehumet.
  1870 | D:2      | HP: 1/22 [adder (2)]
  1873 | D:2      | Reached skill level 4 in Short Blades
  1879 | D:2      | HP: 1/22 [something (4)]
  1880 | D:2      | Mangled by Sigmund

Vault maps used:
D:1:      ldierk_water_garden, hangedman_feature_mirror
D:2:      old_standard_altar, elyvilon_altar_5, uniq_sigmund

Skill      XL: |  1  2  3 |
---------------+----------+-----
Short Blades   | 3 4 |  4.2
Fighting       | |  2.4
Armour         | |  2.4
Shields        | |  2.4

Action                   || total
-------------------------++-------
Melee: Rapier            ||   142
  Use: Scroll            ||     1
       Potion            ||     2
  Eat: Chunk             ||     3
Armor: Scale mail        ||    57
Dodge: Dodged            ||    41
Block: Shield            ||    73

Table legend:
 A = Spawn XP
 B = Non-spawn XP
 C = Spawn XP percentage of total XP
 D = Spawn monster count
 E = Non-spawn monster count
 F = Spawn count percentage of total count
 G = Total turns spent on level
                    A         B        C        D         E        F      G
               +---------+---------+-------+---------+---------+-------+---------
         Total |       0 |      87 |   0.0 |       0 |      39 |   0.0 |  1880
               +---------+---------+-------+---------+---------+-------+---------
           D:1 |       0 |      34 |   0.0 |       0 |      23 |   0.0 |  1256
           D:2 |       0 |      53 |   0.0 |       0 |      16 |   0.0 |   624
               +---------+---------+-------+---------+---------+-------+---------
